 Dungeon Crawl Stone Soup version 0.28.0 (webtiles) character file.

Game seed: 9523383057586930130

200 tognito the Chopper (level 5, 0/70 HPs)
             Began as a Minotaur Berserker on Feb 15, 2022.
             Was a Believer of Trog.
             Slain by a kobold (4 damage)
             ... on level 4 of the Dungeon.
             The game lasted 00:02:41 (2056 turns).

tognito the Chopper (Minotaur Berserker)            Turns: 2056, Time: 00:02:42

Health: 0/70       AC:  9    Str: 24    XL:     5   Next: 49%
Magic:  4/4        EV:  9    Int:  4    God:    Trog [**....]
Gold:   172        SH:  0    Dex:  9    Spells: 4/4 levels left

rFire   . . .      SeeInvis .   b - +4 mace (holy)
rCold   . . .      Faith    .   (no shield)
rNeg    . . .      Spirit   .   c - +0 chain mail
rPois   .          Reflect  .   (helmet restricted)
rElec   .          Harm     .   (no cloak)
rCorr   .          Rampage  .   (no gloves)
Will    .....                   (no boots)
Stlth   ..........              (no amulet)
HPRegen 0.21/turn               (no ring)
MPRegen 0.09/turn               (no ring)

@: berserking, very quick
A: horns 2, retaliatory headbutt
a: Renounce Religion, Berserk, Trog's Hand


You were on level 4 of the Dungeon.
You worshipped Trog.
Trog was pleased with you.
You visited 1 branch of the dungeon, and saw 4 of its levels.

You collected 172 gold pieces.

Inventory:

Hand Weapons
 a - a +0 hand axe
 b - a +4 mace of holy wrath (weapon)
Missiles
 f - 3 datura-tipped darts (quivered)
Armour
 c - a +0 chain mail (worn)
Scrolls
 g - 3 scrolls of identify {unknown}
Potions
 e - a potion of curing


   Skills:
 + Level 4.4 Fighting
 * Level 5.2 Axes
 + Level 1.8 Throwing
 + Level 3.5 Armour
 + Level 3.3 Dodging


You had 4 spell levels left.
You didn't know any spells.
Your spell library was empty.

Dungeon Overview and Level Annotations

Branches:
Dungeon (4/15)
 Temple: D:4-7

Altars:
Wu Jian

Shops:
D:4 *


Innate Abilities, Weirdness & Mutations

You have a pair of horns on your head.
You reflexively headbutt those who attack you in melee.


Message History

You sock the gnoll!
You kill the gnoll!
Trog accepts your kill.
A wyvern comes into view.
The goblin hits you but does no damage. The gnoll hits you with a +0 flail!
* * * LOW HITPOINT WARNING * * *
The gnoll hits you but does no damage. The kobold completely misses you.
You furiously retaliate!
You headbutt the kobold, but do no damage.
The goblin barely misses you.
A red film seems to cover your vision as you go berserk!
You feel yourself moving faster!
You feel mighty! The gnoll hits you with a +0 flail.
* * * LOW HITPOINT WARNING * * *
The gnoll drinks a potion.
The gnoll suddenly seems more resistant.
The kobold hits you with a +0 short sword.
* * * LOW HITPOINT WARNING * * *
The goblin hits you but does no damage.
You feel a strong urge to attack something.
The gnoll closely misses you. The gnoll hits you but does no damage.
You see here a +0 whip.
You hit the gnoll.
The gnoll is heavily wounded.
The goblin closely misses you. The gnoll closely misses you.
You sock the gnoll!
You kill the gnoll!
Trog accepts your kill.
The kobold hits you with a +0 short sword.
* * * LOW HITPOINT WARNING * * *
The goblin hits you with a +0 club.
* * * LOW HITPOINT WARNING * * *
The gnoll hits you but does no damage. The wyvern bites you!
* * * LOW HITPOINT WARNING * * *
You thump the gnoll!
You kill the gnoll!
Trog accepts your kill.
The wyvern bites you but does no damage.
The kobold hits you with a +0 short sword.
You die...

.............#
.............#
..........<..#
..............#
...............#
..$............#
........l......#
........g@)....#
.........K.....#
.........).....###
.................##
.......∩.$....>...#
..?............##.###
######.....†........#
##.#######....#.#
#.............#


You could see a wyvern, a goblin and a kobold.

Vanquished Creatures
  A water moccasin skeleton (D:4)
  A howler monkey (D:4)
  A hound (D:3)
  4 gnolls (D:4)
  An ufetubus (D:4)
  2 worms (D:2)
  A dart slug (D:2)
  4 bats
  5 endoplasms
  A giant cockroach (D:3)
  5 goblins
  5 hobgoblins
  A kobold (D:2)
  A quokka (D:1)
  3 ball pythons
  7 frilled lizards
  6 rats
49 creatures vanquished.

Notes
Turn   | Place    | Note
-------+----------+-------------------------------------------
     0 | D:1      | tognito the Minotaur Berserker began the quest for the Orb.
     0 | D:1      | Reached XP level 1. HP: 19/19 MP: 0/0
   469 | D:1      | Reached XP level 2. HP: 27/27 MP: 1/1
   532 | D:1      | Reached skill level 4 in Axes
   600 | D:1      | Found a faded altar of an unknown god.
  1241 | D:2      | Reached XP level 3. HP: 33/33 MP: 2/2
  1463 | D:3      | Reached ** piety under Trog
  1514 | D:3      | Reached skill level 1 in Throwing
  1761 | D:3      | Reached XP level 4. HP: 26/40 MP: 3/3
  1913 | D:3      | Found an ornate altar of the Wu Jian Council.
  2026 | D:4      | Found Fileob's Assorted Antiques.
  2042 | D:4      | Reached skill level 5 in Axes
  2042 | D:4      | Reached XP level 5. HP: 41/47 MP: 4/4
  2051 | D:4      | Noticed a wyvern
  2056 | D:4      | Slain by a kobold

Illustrated notes

Levels and vault maps discovered:
D:1:      beargit_arrival_diablo_church, layout_basic,
          dreamdust_ecumenical_altar_sealed_demon
D:2:      layout_basic, serial_bayou_lagoon_a, amethyst_killhole
D:3:      layout_rooms, nzn_wu_jian_contemplation
D:4:      minmay_inner_zag, layout_basic, nemelex_dance_club_becter,
          gammafunk_temple_overflow_elements, minmay_temple_entry_antechambers,
          serial_shops, shop, uniq_grinder, uniq_crazy_yiuf_cottage

Skill      XL: |  1  2  3  4 |
---------------+-------------+-----
Axes           | 4 5 |  5.2
Fighting       | 4 |  4.4
Throwing       | 1 |  1.8
Armour         | 3 |  3.5
Dodging        | 3 |  3.3

Action                   |  1- 3 |  4- 6 || total
-------------------------+-------+-------++-------
Melee: Hand axe          |    94 |       ||    94
       Headbutt          |    18 |     1 ||    19
       Mace              |     7 |    17 ||    24
Invok: Berserk           |       |     1 ||     1
  Use: Potion            |     1 |     2 ||     3
Armor: Chain mail        |    52 |    15 ||    67
       Animal skin       |     1 |       ||     1
Dodge: Dodged            |    42 |    17 ||    59
